 Dungeon Crawl Stone Soup version 0.29.1-13-g9f3cf754e1 (webtiles) character file.

Game seed: 6121742562931342958

81 SnakeOfLimitedWisdom the Magician (level 4, 0/32 HPs)
             Began as a Djinni Fire Elementalist on Jan 19, 2023.
             Slain by a gnoll
             ... wielding a +0 halberd
              (6 damage)
             ... on level 3 of the Dungeon.
             The game lasted 00:03:06 (2378 turns).

SnakeOfLimitedWisdom the Magician (DjFE)            Turns: 2378, Time: 00:03:07

Health: 0/32       AC:  3    Str:  9    XL:     4   Next: 68%
Gold:   128        EV: 12    Int: 17    God:
                   SH:  0    Dex: 13

rFire   + + .      SeeInvis .   c - +0 short sword
rCold   x . .      Faith    .   (no shield)
rNeg    . . .      Spirit   .   p - +0 leather armour
rPois   ∞          Reflect  .   (no helmet)
rElec   .          Harm     .   (no cloak)
rCorr   .          Rampage  .   (no gloves)
Will    .....                   (boots unavailable)
Stlth   ++........              (no amulet)
HPRegen 0.10/turn               (no ring)
MPRegen 0.00/turn               (no ring)

@: flying, very slightly contaminated
A: sickness immunity, fire resistance 2, cold vulnerability 1, float, innate
caster, HP casting, extra vitality 1
a: no special abilities


You were on level 3 of the Dungeon.
You visited 1 branch of the dungeon, and saw 3 of its levels.

You collected 128 gold pieces.

Inventory:

Hand Weapons
 c - a +0 short sword (weapon)
 g - a +1 vorpal hand axe
Missiles
 t - 3 poisoned darts
Armour
 a - a +0 robe
 m - a +0 ring mail
 p - a +0 leather armour (worn)
Jewellery
 f - a ring of resist corrosion
 l - a ring of ice
Wands
 q - a wand of digging (8)
Scrolls
 d - a scroll of enchant weapon {unknown}
 e - a scroll of fear {unknown}
 h - a scroll of blinking {unknown}
 i - 2 scrolls of teleportation {unknown}
 j - a scroll of vulnerability {unknown}
 k - 3 scrolls of identify {unknown}
 r - a scroll of immolation {unknown}
Potions
 b - a potion of invisibility {unknown}
 n - 2 potions of curing {unknown}
 o - a potion of flight {unknown}
 s - a potion of cancellation {unknown}


   Skills:
 + Level 1.3 Fighting
 + Level 2.9 Dodging
 + Level 2.2 Stealth
 + Level 3.2 Spellcasting


You couldn't memorise any spells.
You knew the following spells:

 Your Spells              Type           Power      Damage    Failure   Level
a - Foxfire               Conj/Fire      52%        2x1d6     6%          1
b - Scorch                Fire           26%        2d6       10%         2
c - Conjure Flame         Conj/Fire      13%        6-21      19%         3
d - Inner Flame           Hex/Fire       13%        N/A       19%         3
e - Flame Wave            Conj/Fire      13%        2d6       54%         4
f - Freeze                Ice            52%        1d7       6%          1
Your spell library was empty.

Dungeon Overview and Level Annotations

Branches:
Dungeon (3/15)

Altars:
Trog

Shops:
D:1 ?


Innate Abilities, Weirdness & Mutations

You are immune to sickness and miasma.
You are immune to poison.
Your flesh is very heat resistant. (rF++)
You are vulnerable to cold. (rC-)
You float through the air rather than walking.
You learn spells naturally, not from books.
Your magical power is your life essence.
You have superior vitality. (+4 MHP)


Message History

The gnoll is almost dead.
Casting: Foxfire (safe; 7% risk of failure)
Confirm with . or Enter, or press ? or * to list all spells.
You conjure some foxfire!
The foxfire hits the gnoll.
The gnoll is burned terribly!
You kill the gnoll!
Casting: Foxfire (safe; 7% risk of failure)
Confirm with . or Enter, or press ? or * to list all spells.
Flames lash the gnoll.
The gnoll is moderately wounded.
The gnoll's fire resistance burns away.
The gnoll closely misses you.
Casting: Scorch (safe; 10% risk of failure)
Confirm with . or Enter, or press ? or * to list all spells.
Flames lash the adder.
The adder is almost dead.
The adder's fire resistance burns away.
The gnoll completely misses you.
Your foxfire dissipates!
The adder attacks as you move away! The adder completely misses you.
Casting: Scorch (safe; 10% risk of failure)
Confirm with . or Enter, or press ? or * to list all spells.
Flames lash the gnoll.
The gnoll is burned terribly!
The gnoll is almost dead.
The adder bites you.
Casting: Scorch (safe; 10% risk of failure)
Confirm with . or Enter, or press ? or * to list all spells.
Flames lash the adder.
The adder is burned terribly!
You kill the adder!
Casting: Scorch (safe; 10% risk of failure)
Confirm with . or Enter, or press ? or * to list all spells.
Flames lash the gnoll.
The gnoll is heavily wounded.
The gnoll's fire resistance burns away.
The gnoll hits you with a +0 whip.
Casting: Scorch (safe; 10% risk of failure)
Confirm with . or Enter, or press ? or * to list all spells.
You miscast Scorch.
You are very lightly contaminated with residual magic.
Nothing appears to happen.
The gnoll hits you with a +0 whip.
* * * LOW HITPOINT WARNING * * *
The gnoll hits you from afar with a +0 halberd.
You die...

......# .....# ####### #...#
......# #...#### #### ..)...#
#......# .... ......#
#..)...### ..... ......#
#.#g##...# ..... .(....###
#g##.#.##....). ...(....#
#.@..#..#...... ........#
#.#######........ ........#
#............>...
#######.##########...........
#..........#.##########
##########.#.# #.#.#
#.#.######## #...........


You could see 2 gnolls.

Vanquished Creatures
  A gnoll (D:3)
  4 adders
  3 worms (D:2)
  An endoplasm (D:2)
  2 giant cockroaches
  A goblin (D:1)
  4 hobgoblins
  2 kobolds (D:1)
  A quokka (D:2)
  4 ball pythons (D:1)
  A bat (D:2)
  A frilled lizard (D:1)
  6 rats
31 creatures vanquished.

Vanquished Creatures (others)
  67 foxfires
  2 plants (D:3)
69 creatures vanquished.

Grand Total: 100 creatures vanquished

Notes
Turn   | Place    | Note
-------+----------+-------------------------------------------
     0 | D:1      | SnakeOfLimitedWisdom the Djinni Fire Elementalist began the
                  | quest for the Orb.
     0 | D:1      | SnakeOfLimitedWisdom set off with the following spells
                  | memorised: Foxfire, Scorch, Conjure Flame, Inner Flame,
                  | Flame Wave.
     0 | D:1      | Reached XP level 1. HP: 15/15 MP: 0/0
   200 | D:1      | Reached XP level 2. HP: 18/21 MP: 0/0
   566 | D:1      | Found Qing's Magic Scroll Shoppe.
  1198 | D:2      | Reached skill level 3 in Spellcasting
  1198 | D:2      | Reached XP level 3. HP: 21/25 MP: 0/0
  1198 | D:2      | Learned a level 1 spell: Freeze
  1513 | D:2      | Found a bloodstained altar of Trog.
  1849 | D:2      | Reached skill level 1 in Fighting
  1849 | D:2      | Reached XP level 4. HP: 28/32 MP: 0/0
  2378 | D:3      | Slain by a gnoll

Illustrated notes

Levels and vault maps discovered:
D:1:      minmay_arrival_four_loops, layout_basic, serial_shops, shop
D:2:      layout_basic, minmay_hexomino_r4
D:3:      layout_basic, mainiacjoe_overflow_alcove_2,
          dilly_ecumenical_altar_fadedgnrine

Skill      XL: |  1  2  3 |
---------------+----------+-----
Spellcasting   | 3 |  3.2
Stealth        | 2 |  2.2
Fighting       | 1 |  1.3
Dodging        | |  2.9

Action                   |  1- 3 |  4- 6 || total
-------------------------+-------+-------++-------
Melee: Hand axe          |     2 |       ||     2
 Cast: Foxfire           |    34 |     8 ||    42
       Scorch            |    12 |    11 ||    23
Armor: Ring mail         |     1 |       ||     1
       Leather armour    |     2 |     1 ||     3
Dodge: Dodged            |     4 |     5 ||     9
